 Dungeon Crawl Stone Soup version 0.25-a0-316-gd28d56f9c5 (webtiles) character file.

Game seed: 9598128956269949546, levelgen mode: classic

6728 Borgoz the Basher (level 11, -4/60 HPs)
             Began as a Gargoyle Berserker on Dec 25, 2019.
             Was a High Priest of Trog.
             Slain by an orc warrior
             ... wielding a +0 glaive
              (11 damage)
             ... on level 9 of the Dungeon.
             The game lasted 00:13:26 (8460 turns).

Borgoz the Basher (Gargoyle Berserker)              Turns: 8460, Time: 00:13:26

Health: -4/60      AC: 18    Str: 24    XL:     11   Next: 4%
Magic:  0/11       EV: 14    Int:  8    God:    Trog [*****.]
Gold:   475        SH:  0    Dex: 12    Spells: 10/10 levels left

rFire    . . .     SeeInvis .   b - +1 whip (elec)
rCold    . . .     Gourm    .   (no shield)
rNeg     + . .     Faith    .   z - +0 ring mail
rPois    ∞         Spirit   +   o - +0 hat
rElec    +         Reflect  .   O - +0 cloak
rCorr    .         Harm     .   w - +1 pair of gloves
MR       .....                  (no boots)
Stlth    +.........             m - amulet of guardian spirit
HPRegen  0.20/turn              E - +3 ring of strength
MPRegen  0.12/turn              A - +2 ring of slaying

@: about to teleport, berserk cooldown, slowed, very slow
A: negative energy resistance 1, electricity resistance, unbreathing,
petrification resistance, rot immunity, AC +8
a: Berserk, Trog's Hand, Brothers in Arms, Renounce Religion


You were on level 9 of the Dungeon.
You worshipped Trog.
Trog was extremely pleased with you.
You were very hungry.

You visited 1 branch of the dungeon, and saw 9 of its levels.
You also visited: Sewer and Ossuary.

You collected 475 gold pieces.

Inventory:

Hand Weapons
 a - a +4 great mace of crushing
 b - a +1 whip of electrocution (weapon)
Missiles
 d - 2 throwing nets (quivered)
Armour
 o - a +0 hat (worn)
 w - a +1 pair of gloves (worn)
 z - a +0 ring mail (worn)
 O - a +0 cloak (worn)
Jewellery
 l - an uncursed ring of flight
 m - an amulet of guardian spirit (around neck)
 r - a +5 amulet of reflection
 u - an uncursed ring of protection from magic
 y - an uncursed ring of protection from magic
 A - a +2 ring of slaying (right hand)
 E - a +3 ring of strength (left hand)
 I - an uncursed amulet of the acrobat
Wands
 i - a wand of polymorph (4)
 B - a wand of flame (10)
 C - a wand of disintegration (9)
Scrolls
 e - 2 scrolls of magic mapping
 g - a scroll of enchant weapon
 j - a scroll of teleportation
 k - 7 scrolls of remove curse
 p - a scroll of brand weapon {unknown}
 K - a scroll of blinking
 M - a scroll of fog
Potions
 f - 2 potions of haste {unknown}
 h - 5 potions of curing
 n - 4 potions of mutation {unknown}
 q - 3 potions of lignification {unknown}
 s - a potion of berserk rage
 v - 2 potions of agility {unknown}
 x - 3 potions of heal wounds {unknown}
 D - 3 potions of flight {unknown}
 F - 3 potions of brilliance {unknown}
 G - a potion of resistance
Comestibles
 c - 12 rations
 t - 12 chunks of flesh


   Skills:
 - Level 3.2 Fighting
 * Level 11.9 Maces & Flails
 + Level 9.3 Armour
 + Level 7.1 Dodging


You had 10 spell levels left.
You didn't know any spells.
Your spell library was empty.

Dungeon Overview and Level Annotations

Branches:
Dungeon (9/15)             Temple (0/1) D:7           Sewer (visited)
Ossuary (visited)
   Lair: D:8-11         Orc: D:9-12

Altars:
Cheibriados
Nemelex Xobeh
Okawaru
Sif Muna
Trog
Zin
The Shining One

Shops:
D:6 %


Innate Abilities, Weirdness & Mutations

You are resistant to torment.
Your stone body is resilient. (AC +8)
You are immune to poison.
You resist negative energy. (rN+)
You are resistant to electric shocks. (rElec)
You can survive without breathing.
You are immune to petrification.
You are immune to rotting.


Message History

The water moccasin barely misses you.
You see here a wand of polymorph (8).
The orc wizard hits you but does no damage.
The water moccasin closely misses you. The orc wizard misses you.
The orc wizard casts a spell at you.
The magic dart hits you but does no damage.
The orc warrior hits you from afar with a +0 glaive.
* * * LOW HITPOINT WARNING * * *
As you read the scroll of teleportation, it crumbles to dust.
You feel strangely unstable.
The orc wizard hits you but does no damage.
The water moccasin bites you but does no damage.
The orc wizard closely misses you. The orc warrior closely misses you.
The water moccasin bites you but does no damage.
The orc wizard points at you and mumbles some strange words.
The magic dart hits you.
* * * LOW HITPOINT WARNING * * *
The orc warrior hits you with a +0 glaive!
You die...

##..............##.........
..........##...........}.....
......#...#.......#......##..
....................###.###..
.............#.#....##.......
..#..............#..###......
#.........?..#S#.....#.......
..[......).ooo.............
#.........@##/o............
#.....)..o.###.............
####....$...##..........##.
##.###.))..##............#.
#...###))................
#...#.)#))..)............
###.....)))...?##..........
#........)).....#..........
#...........##..##.........


You could see 2 orc warriors, a water moccasin, an orc wizard and an orc.

Vanquished Creatures
  Gastronok (D:8)
  A two-headed ogre (D:8)
  Pikel (D:6)
  A hornet (D:9)
  Sigmund (D:6)
  Eustachio (D:6)
  3 orc warriors (D:9)
  An ice beast (D:9)
  A slave (D:6)
  2 phantoms
  3 ogres
  2 centaurs (D:7)
  A big kobold (D:8)
  5 bullfrogs
  3 scorpions
  2 water moccasin skeletons
  4 killer bees (D:7)
  4 wights (D:9)
  A howler monkey (D:7)
  4 crimson imps
  A centaur zombie (Ossuary)
  A gnoll shaman (D:8)
  2 human zombies (Ossuary)
  An orc priest (D:9)
  6 hounds
  4 bullfrog skeletons
  2 jellies (D:8)
  2 centaur skeletons
  2 iguanas (D:4)
  6 worker ants
  8 orc wizards
  2 killer bee zombies
  A big kobold zombie (Ossuary)
  5 mummies
  3 hound zombies
  2 hound skeletons
  14 gnolls
  4 adders
  2 river rats (D:6)
  A shadow imp (D:5)
  12 oozes (Sewer)
  An adder zombie (D:7)
  3 worms
  3 dart slugs
  14 leopard geckos
  19 orcs
  11 giant cockroaches
  2 gnoll zombies (Ossuary)
  5 goblins
  7 hobgoblins
  12 jackals
  15 kobolds
  3 quokkas
  11 ball pythons
  6 bats
  11 frilled lizards
  A kobold zombie (Ossuary)
  An orc zombie (Ossuary)
  A quokka skeleton (D:8)
  2 quokka zombies
  8 rats
  A bush (D:2)
260 creatures vanquished.

Notes
Turn   | Place    | Note
-------+----------+-------------------------------------------
     0 | D:1      | Borgoz the Gargoyle Berserker began the quest for the Orb.
     0 | D:1      | Reached XP level 1. HP: 14/14 MP: 1/1
   327 | D:1      | Reached XP level 2. HP: 9/19 MP: 2/2
   724 | D:1      | Reached XP level 3. HP: 14/23 MP: 3/3
  1131 | D:2      | Reached ** piety under Trog
  1778 | D:2      | Found a glowing silver altar of Zin.
  2311 | D:3      | Reached skill level 4 in Maces & Flails
  2315 | D:3      | Reached XP level 4. HP: 10/28 MP: 4/4
  2835 | D:3      | Reached XP level 5. HP: 16/32 MP: 5/5
  3446 | D:4      | Found a snail-covered altar of Cheibriados.
  3457 | D:4      | Reached skill level 5 in Maces & Flails
  3636 | D:4      | Reached XP level 6. HP: 35/37 MP: 4/6
  3745 | D:4      | Reached *** piety under Trog
  3822 | D:4      | You fall into a shaft and drop 2 floors!
  3879 | D:6      | Reached XP level 7. HP: 41/41 MP: 7/7
  3880 | D:6      | Found Peroxe's Food Shoppe.
  3914 | D:6      | Reached skill level 6 in Maces & Flails
  3924 | D:6      | Noticed Pikel
  3933 | D:6      | Killed Pikel
  3933 | D:6      | Reached skill level 7 in Maces & Flails
  3933 | D:6      | Reached skill level 5 in Armour
  3933 | D:6      | Reached XP level 8. HP: 46/46 MP: 6/8
  3942 | D:6      | Found a sand-covered staircase.
  3950 | Ossuary  | Entered an ossuary
  4191 | D:6      | Found a sparkling altar of Nemelex Xobeh.
  4204 | D:6      | Noticed Sigmund
  4214 | D:6      | Killed Sigmund
  4239 | D:6      | Found a glowing drain.
  4259 | Sewer    | Entered a sewer
  4385 | Sewer    | Reached **** piety under Trog
  4515 | Sewer    | Reached skill level 8 in Maces & Flails
  4624 | D:6      | Found a bloodstained altar of Trog.
  4701 | D:6      | Reached XP level 9. HP: 36/51 MP: 6/9
  4730 | D:5      | Entered Level 5 of the Dungeon
  4743 | D:5      | Reached ***** piety under Trog
  4743 | D:5      | Received a gift from Trog
  4830 | D:5      | Reached skill level 5 in Dodging
  4901 | D:5      | Found a shimmering blue altar of Sif Muna.
  5304 | D:4      | Reached skill level 9 in Maces & Flails
  5558 | D:6      | Noticed Eustachio
  5577 | D:6      | Killed Eustachio
  5736 | D:6      | Found an iron altar of Okawaru.
  6189 | D:7      | Found a glowing golden altar of the Shining One.
  6309 | D:7      | Found a staircase to the Ecumenical Temple.
  7359 | D:8      | Noticed Gastronok
  7368 | D:8      | Received a gift from Trog
  7574 | D:8      | Killed Gastronok
  7574 | D:8      | Reached skill level 10 in Maces & Flails
  7574 | D:8      | Reached XP level 10. HP: 56/56 MP: 7/10
  7749 | D:8      | Noticed a two-headed ogre
  7750 | D:8      | Reached skill level 11 in Maces & Flails
  7759 | D:8      | Killed a two-headed ogre
  8425 | D:9      | Reached XP level 11. HP: 45/60 MP: 6/11
  8460 | D:9      | Slain by an orc warrior

Levels and vault maps discovered:
D:1:      nicolae_arrival_memento_mori, layout_basic
D:2:      layout_basic, zin_scriptorium, first_ration, serial_forest,
          infiniplex_forest_side_room, infiniplex_forest_lined_room_3,
          infiniplex_forest_corner_2, infiniplex_forest_lined_room_3,
          infiniplex_forest_corner_2, infiniplex_forest_lined_1,
          infiniplex_forest_clump_diagonal, st_stairs_8, serial_bayou_pond_c,
          minmay_misc_feat_alley, feat_on_display
D:3:      layout_loops_cross
D:4:      layout_loops_corners, chequers_serial_rivers_micro_e,
          serial_bayou_pond_e, kennysheep_slug_shrine
D:5:      layout_basic, lemuel_blue_sif_altar, hangedman_abyss_or_decor_stagger
D:6:      layout_loops_ring, overflow_temple_1_default, portal_sewer_entry_b,
          serial_shops, kennysheep_little_box, basic_altar,
          gup_ossuary_entry_pyramid, kennysheep_okawaru_gauntlet,
          uniq_eustachio, uniq_sigmund, uniq_pikel
D:7:      layout_layer_cave, minmay_temple_entry_gardened_gates, tso_metal_star
D:8:      layout_basic, uniq_gastronok
D:9:      layout_cave_pools, eat_drink_and_be_merry_uskayaw, serial_glass,
          glass_columns_a, glass_columns_a, glass_columns_b, feat_on_display,
          due_unseen_surprise, item_on_display_a, feat_on_display

Skill      XL: |  1  2  3  4  5  6  7  8  9 10 |
---------------+-------------------------------+-----
Dodging        | 2 3 4 6 7 |  7.1
Maces & Flails | 4 5 7 8 10 11 | 11.9
Armour         | 3 4 5 6 8 9 |  9.3
Fighting       | |  3.2

Action                   |  1- 3 |  4- 6 |  7- 9 | 10-12 || total
-------------------------+-------+-------+-------+-------++-------
Melee: Mace              |    81 |       |       |       ||    81
       Whip              |    54 |   167 |   484 |   175 ||   880
Invok: Berserk           |     2 |       |     2 |     1 ||     5
Evoke: Wand              |       |       |     4 |       ||     4
  Use: Scroll            |     4 |     4 |    10 |     3 ||    21
  Eat: Chunk             |     4 |     7 |    11 |     3 ||    25
       Ration            |       |       |     1 |       ||     1
Armor: Animal skin       |    37 |    21 |       |       ||    58
       Ring mail         |       |    22 |   184 |    58 ||   264
Dodge: Dodged            |    86 |    92 |   236 |   112 ||   526
Block: Other             |     5 |    24 |       |       ||    29
       Reflection        |     1 |     2 |       |       ||     3

Table legend:
 A = Non-vault XP
 B = Vault XP
 C = Vault XP percentage of total XP
 D = Non-vault monster count
 E = Vault monster count
 F = Vault count percentage of total count
                 A         B        C        D         E       F
            +---------+---------+-------+---------+---------+-------
      Total |    5759 |    3853 |  40.1 |     184 |      74 |  28.7
            +---------+---------+-------+---------+---------+-------
        D:1 |      36 |       0 |   0.0 |      23 |       0 |   0.0
        D:2 |       9 |      18 |  66.7 |       7 |       2 |  22.2
        D:3 |     118 |       0 |   0.0 |      25 |       0 |   0.0
        D:4 |     491 |       4 |   0.8 |      24 |       1 |   4.0
        D:5 |     282 |       0 |   0.0 |       7 |       0 |   0.0
        D:6 |     499 |    1075 |  68.3 |      18 |      11 |  37.9
        D:7 |     959 |       0 |   0.0 |      18 |       0 |   0.0
        D:8 |    1530 |    2203 |  59.0 |      23 |       1 |   4.2
        D:9 |    1835 |       0 |   0.0 |      39 |       0 |   0.0
      Sewer |       0 |     324 | 100.0 |       0 |      47 | 100.0
    Ossuary |       0 |     229 | 100.0 |       0 |      12 | 100.0
            +---------+---------+-------+---------+---------+-------
